 Dungeon Crawl Stone Soup version 0.27-a0-263-gc8dee61f84 (webtiles) character file.

Game seed: 1297521924002293302

118 greenwhat the Ruffian (level 4, -1/45 HPs)
             Began as a Troll Berserker on Feb 5, 2021.
             Was a Believer of Trog.
             Slain by a gnoll
             ... wielding a +0 whip
              (7 damage)
             ... on level 3 of the Dungeon.
             The game lasted 00:13:41 (2307 turns).

greenwhat the Ruffian (Troll Berserker)             Turns: 2307, Time: 00:13:43

Health: -1/45      AC:  7    Str: 26    XL:     4   Next: 72%
Magic:  3/3        EV: 10    Int:  3    God:    Trog [**....]
Gold:   140        SH:  0    Dex:  9    Spells: 3/3 levels left

rFire    . . .     SeeInvis .   g - +0 mace (protect)
rCold    . . .     Faith    .   (no shield)
rNeg     . . .     Spirit   .   a - +1 animal skin
rPois    .         Reflect  .   (helmet restricted)
rElec    .         Harm     .   (no cloak)
rCorr    .         Rampage  .   (gloves unavailable)
Will     .....                  (boots unavailable)
Stlth    +.........             (no amulet)
HPRegen  0.55/turn              (no ring)
MPRegen  0.08/turn              (no ring)

@: mighty, berserk cooldown, slowed, very slow
A: large, unfitting armour, claws 3, regeneration 1, shaggy fur 1, tough skin 3
a: Renounce Religion, Berserk, Trog's Hand


You were on level 3 of the Dungeon.
You worshipped Trog.
Trog was pleased with you.
You visited 1 branch of the dungeon, and saw 3 of its levels.

You collected 140 gold pieces.

Inventory:

Hand Weapons
 c - a +0 club
 d - a +0 falchion
 e - a +0 hand axe
 f - a +0 spear
 g - a +0 mace of protection (weapon)
 l - a +0 whip
 n - a +0 hunting sling
 o - a +0 short sword
Missiles
 k - 55 stones
Armour
 a - a +1 animal skin (worn)
Scrolls
 b - a scroll of magic mapping {unknown}
 i - a scroll of enchant armour
 p - 2 scrolls of enchant weapon {unknown}
 r - 3 scrolls of teleportation {unknown}
 s - 3 scrolls of identify
 u - 4 scrolls of immolation {unknown}
Potions
 h - a potion of curing
 j - a potion of might
 m - a potion of lignification {unknown}
 q - a potion of cancellation {unknown}
 t - a potion of magic {unknown}


   Skills:
 + Level 3.0 Fighting
 + Level 2.0 Maces & Flails
 + Level 3.2 Dodging
 + Level 3.4 Unarmed Combat


You had 3 spell levels left.
You didn't know any spells.
Your spell library was empty.

Dungeon Overview and Level Annotations

Branches:
Dungeon (3/15)

Altars:
Ashenzari
Gozag
Okawaru
Wu Jian
The Shining One


Innate Abilities, Weirdness & Mutations

You are too large for most types of armour.
You have claws for hands.
Your natural rate of healing is unusually fast.
You are covered in fur. (AC +1)
You have extremely tough skin. (AC +3)


Message History

The gnoll is severely wounded.
The giant cockroach bites you but does no damage.
The gnoll hits you with a +0 whip!
* * * LOW HITPOINT WARNING * * *
The gnoll barely misses you. The giant cockroach barely misses you.
The gnoll barely misses you.
It was a potion of might.
You feel very mighty all of a sudden. The giant cockroach misses you.
The gnoll barely misses you. The giant cockroach bites you.
* * * LOW HITPOINT WARNING * * *
The gnoll barely misses you. The gnoll hits you with a +0 whip.
* * * LOW HITPOINT WARNING * * *
You closely miss the gnoll.
The gnoll is severely wounded.
The giant cockroach bites you but does no damage.
The gnoll hits you.
* * * LOW HITPOINT WARNING * * *
The gnoll hits you with a +0 whip!
You die...

... ..............
.... +.............
....#+.............
.<.................
...................
...................
....#..............
.......@g..........
......ggB).........
.........)..#######
.........)..#
...............
...#......#####
...#.....##
.......... )#......


You could see 3 gnolls and a giant cockroach.

Vanquished Creatures
  A worker ant (D:2)
  3 adders (D:2)
  2 gnolls
  A worm (D:2)
  3 dart slugs
  2 orcs (D:3)
  2 giant cockroaches (D:1)
  5 goblins
  8 hobgoblins
  2 jackals (D:1)
  2 kobolds (D:1)
  A ball python (D:3)
  3 bats
  2 frilled lizards
  A rat (D:1)
38 creatures vanquished.

Notes
Turn   | Place    | Note
-------+----------+-------------------------------------------
     0 | D:1      | greenwhat the Troll Berserker began the quest for the Orb.
     0 | D:1      | Reached XP level 1. HP: 22/22 MP: 0/0
    68 | D:1      | Found an iron altar of Okawaru.
   175 | D:1      | Reached XP level 2. HP: 29/29 MP: 1/1
   620 | D:1      | Reached XP level 3. HP: 21/36 MP: 2/2
  1243 | D:2      | Found a glowing golden altar of the Shining One.
  1337 | D:2      | Reached skill level 1 in Maces & Flails
  1688 | D:2      | Reached XP level 4. HP: 31/44 MP: 3/3
  1794 | D:2      | Found a broken altar of Ashenzari.
  1862 | D:2      | Found an ornate altar of the Wu Jian Council.
  2114 | D:2      | Found an opulent altar of Gozag.
  2282 | D:3      | Reached ** piety under Trog
  2307 | D:3      | Slain by a gnoll

Illustrated notes

Levels and vault maps discovered:
D:1:      dpeg_arrival_shrine, layout_basic, okawaru_ov_weapons_minmay
D:2:      layout_loops_cross, marbit_many_paths, grunt_gozag_breadcrumbs,
          tso_metal_star, nicolae_overflow_crystal_walls
D:3:      layout_basic, uniq_natasha, uniq_ijyb, uniq_sigmund, uniq_terence

Skill      XL: |  1  2  3  4 |
---------------+-------------+-----
Maces & Flails | 1 2 |  2.0
Dodging        | 3 |  3.2
Fighting       | 3 |  3.0
Unarmed Combat | |  3.4

Action                   |  1- 3 |  4- 6 || total
-------------------------+-------+-------++-------
Melee: Unarmed           |    16 |       ||    16
       Mace              |    87 |    52 ||   139
Invok: Berserk           |       |     1 ||     1
  Use: Scroll            |     3 |       ||     3
       Potion            |       |     2 ||     2
Armor: Animal skin       |    73 |    50 ||   123
Dodge: Dodged            |    87 |    64 ||   151

Table legend: (Time is in decaauts)
 A = Elapsed time spent in this place.
 B = Non-inter-level travel time spent in this place.
 C = Inter-level travel time spent in this place.
 D = Time resting spent in this place.
 E = Time spent auto-exploring this place.
 F = Levels seen in this place.
 G = Mean time per level.
                   A        B        C        D        E       F      G
               +--------+--------+--------+--------+--------+-----+--------+
         Total |   2358 |   2358 |      0 |     23 |      0 |   3 |  786.0 |
       Dungeon |   2358 |   2358 |      0 |     23 |      0 |   3 |  786.0 |
               +--------+--------+--------+--------+--------+-----+--------+

Top non-repeatable levels by time:
     D:1: 1217 daAuts
     D:2: 1086 daAuts
     D:3: 54 daAuts
